1804 views
Uploaded 2023-08-13 14:18:14
Game version 1.36 (6115)
18:30 long 4on4 ladder game on (8)GoldRush_S2
Saved by DKnight
1804 views
Uploaded 2023-08-13 14:18:14
Game version 1.36 (6115)
18:30 long 4on4 ladder game on (8)GoldRush_S2


174 units @ 25.9k
/ 3.3k
61 buildings @ 9.3k
/ 3.1k


| Lesser Clarity Potion | 3 | 210 |
| Scroll of Regeneration | 2 | 200 |
| Potion of Healing | 1 | 150 |
| Scroll of Town Portal | 1 | 350 |
| total: | 7 | 910g |
| Peasant | 18 | 1350 | / | 0 |
| Footman | 8 | 1080 | / | 0 |
| Rifleman | 20 | 4100 | / | 600 |
| Knight | 2 | 490 | / | 120 |
| Acolyte | 3 | 225 | / | 0 |
| Crypt Fiend | 10 | 2150 | / | 400 |
| Obsidian Statue | 1 | 200 | / | 35 |
| Abomination | 3 | 720 | / | 210 |
| total: | 65 | 10315g | / | 1365w |
| Scout Tower | 1 | 30 | / | 20 |
| Arcane Tower | 1 | 70 | / | 50 |
| Altar of Kings | 2 | 360 | / | 100 |
| Farm | 11 | 880 | / | 220 |
| Barracks | 3 | 480 | / | 180 |
| Town Hall | 1 | 385 | / | 205 |
| Arcane Vault | 1 | 130 | / | 30 |
| Lumber Mill | 2 | 240 | / | 0 |
| Blacksmith | 1 | 140 | / | 60 |
| Keep | 1 | 320 | / | 210 |
| Castle | 1 | 360 | / | 210 |
| Ziggurat | 1 | 150 | / | 50 |
| Crypt | 1 | 200 | / | 50 |
| Slaughterhouse | 1 | 140 | / | 135 |
| total: | 25 | 3135g | / | 1050w |
| 0:02 | Peasant |
| 0:05 | Altar of Kings |
| 0:08 | Altar of Kings |
| 0:12 | Peasant |
| 0:18 | Farm |
| 0:25 | Barracks |
| 0:28 | Peasant |
| 0:37 | Peasant |
| 0:59 | Farm |
| 1:02 | Peasant |
| 1:16 | Peasant |
| 1:18 | Peasant |
| 1:27 | Peasant |
| 1:31 | Footman |
| 1:39 | Farm |
| 1:40 | Peasant |
| 1:52 | Footman |
| 2:03 | Peasant |
| 2:05 | Peasant |
| 2:28 | Summon Water Elemental |
| 2:32 | Scout Tower |
| 2:34 | Peasant |
| 2:34 | Peasant |
| 2:34 | Peasant |
| 3:10 | Town Hall |
| 3:38 | Peasant |
| 3:38 | Peasant |
| 3:59 | Brilliance Aura |
| 4:06 | Arcane Tower |
| 4:07 | Peasant |
| 4:07 | Peasant |
| 4:12 | Arcane Vault |
| 4:31 | Defend |
| 4:35 | Lumber Mill |
| 5:13 | Keep |
| 5:15 | Footman |
| 5:15 | Footman |
| 5:22 | Farm |
| 5:23 | Farm |
| 5:24 | Farm |
| 5:24 | Farm |
| 6:22 | Footman |
| 6:27 | Barracks |
| 6:33 | Blacksmith |
| 6:39 | Footman |
| 6:39 | Footman |
| 7:00 | Lesser Clarity Potion |
| 7:01 | Scroll of Regeneration |
| 7:01 | Lesser Clarity Potion |
| 7:17 | Footman |
| 7:30 | Rifleman |
| 7:30 | Rifleman |
| 7:30 | Rifleman |
| 7:30 | Rifleman |
| 8:15 | Farm |
| 8:17 | Black Gunpowder |
| 8:17 | Studded Leather Armor |
| 8:19 | Castle |
| 8:32 | Long Rifles |
| 8:33 | Rifleman |
| 9:17 | Farm |
| 9:20 | Lumber Mill |
| 9:35 | Scroll of Town Portal |
| 9:36 | Scroll of Regeneration |
| 9:36 | Lesser Clarity Potion |
| 9:39 | Potion of Healing |
| 9:59 | Farm |
| 10:01 | Rifleman |
| 10:32 | Flame Strike |
| 10:50 | Slaughterhouse |
| 10:51 | Acolyte |
| 10:51 | Acolyte |
| 10:51 | Acolyte |
| 11:13 | Animal War Training |
| 11:14 | Knight |
| 11:14 | Knight |
| 11:27 | Ziggurat |
| 12:07 | Rifleman |
| 12:07 | Rifleman |
| 12:45 | Crypt Fiend |
| 12:45 | Crypt Fiend |
| 12:45 | Crypt Fiend |
| 13:19 | Impale |
| 13:28 | Summon Water Elemental |
| 13:32 | Siphon Mana |
| 13:44 | Flame Strike |
| 14:09 | Brilliance Aura |
| 14:23 | Rifleman |
| 14:23 | Rifleman |
| 14:23 | Rifleman |
| 14:23 | Rifleman |
| 14:24 | Rifleman |
| 14:41 | Crypt Fiend |
| 14:42 | Crypt Fiend |
| 14:42 | Crypt Fiend |
| 14:42 | Crypt Fiend |
| 14:42 | Crypt Fiend |
| 14:49 | Obsidian Statue |
| 15:25 | Siphon Mana |
| 16:07 | Abomination |
| 16:07 | Abomination |
| 16:07 | Abomination |
| 16:12 | Crypt |
| 16:16 | Rifleman |
| 16:16 | Rifleman |
| 16:16 | Rifleman |
| 16:16 | Rifleman |
| 16:20 | Farm |
| 16:25 | Summon Water Elemental |
| 17:08 | Rifleman |
| 17:11 | Barracks |
| 17:34 | Carrion Beetles |
| 18:05 | Crypt Fiend |
| 18:05 | Crypt Fiend |
| 18:25 | Rifleman |
| 18:25 | Rifleman |
| Right click | 775 |
| Select | 292 |
| Select group | 223 |
| Build/train/purchase | 131 |
| Assign group | 66 |
| Chat | 45 |
| Use ability | 21 |
| Minimap ping | 6 |
| Resource trade | 4 |
| Misc. action | 3 |
| Remove unit | 2 |
| Esc | 2 |

| Scroll of Regeneration | 1 | 100 |
| total: | 1 | 100g |
| Acolyte | 4 | 300 | / | 0 |
| Ghoul | 5 | 600 | / | 0 |
| Crypt Fiend | 9 | 1935 | / | 360 |
| total: | 18 | 2835g | / | 360w |
| Nerubian Tower | 1 | 100 | / | 20 |
| Spirit Tower | 3 | 435 | / | 120 |
| Ziggurat | 4 | 600 | / | 200 |
| Altar of Darkness | 1 | 180 | / | 50 |
| Crypt | 2 | 400 | / | 100 |
| Graveyard | 1 | 215 | / | 0 |
| Tomb of Relics | 1 | 130 | / | 30 |
| Halls of the Dead | 1 | 320 | / | 210 |
| total: | 9 | 1525g | / | 380w |
| 0:05 | Acolyte |
| 0:06 | Acolyte |
| 0:20 | Ziggurat |
| 0:23 | Acolyte |
| 0:33 | Altar of Darkness |
| 0:48 | Crypt |
| 0:54 | Graveyard |
| 1:09 | Ziggurat |
| 1:16 | Acolyte |
| 1:18 | Nerubian Tower |
| 1:50 | Ghoul |
| 1:50 | Ghoul |
| 1:50 | Ghoul |
| 2:11 | Crypt |
| 2:27 | Ziggurat |
| 2:42 | Carrion Beetles |
| 2:47 | Spirit Tower |
| 2:58 | Ghoul |
| 2:59 | Ghoul |
| 4:43 | Spirit Tower |
| 4:49 | Ziggurat |
| 4:57 | Halls of the Dead |
| 4:59 | Crypt Fiend |
| 4:59 | Crypt Fiend |
| 5:34 | Crypt Fiend |
| 6:09 | Crypt Fiend |
| 6:12 | Creature Attack |
| 6:26 | Tomb of Relics |
| 6:43 | Scroll of Regeneration |
| 6:48 | Crypt Fiend |
| 7:10 | Spirit Tower |
| 7:56 | Web |
| 7:56 | Crypt Fiend |
| 9:05 | Crypt Fiend |
| 10:20 | Crypt Fiend |
| 10:20 | Crypt Fiend |
| Chat | 221 |
| Right click | 150 |
| Select | 104 |
| Build/train/purchase | 29 |
| Select group | 19 |
| Assign group | 15 |
| Minimap ping | 11 |
| Use ability | 2 |

| Moonstone | 1 | 50 |
| Dust of Appearance | 1 | 75 |
| Scroll of Town Portal | 1 | 350 |
| total: | 3 | 475g |
| Wisp | 21 | 1260 | / | 0 |
| Archer | 24 | 3120 | / | 240 |
| Hippogryph | 13 | 2080 | / | 260 |
| total: | 58 | 6460g | / | 500w |
| Altar of Elders | 1 | 180 | / | 50 |
| Moon Well | 7 | 1260 | / | 280 |
| Ancient of War | 2 | 300 | / | 120 |
| Tree of Life | 1 | 340 | / | 185 |
| Hunter's Hall | 1 | 210 | / | 100 |
| Ancient of Wonders | 1 | 90 | / | 30 |
| Ancient of Wind | 2 | 300 | / | 280 |
| Tree of Ages | 1 | 320 | / | 180 |
| Tree of Eternity | 1 | 330 | / | 200 |
| Black Citadel | 1 | 325 | / | 230 |
| total: | 15 | 2680g | / | 1045w |
| 0:01 | Wisp |
| 0:02 | Wisp |
| 0:28 | Altar of Elders |
| 0:30 | Wisp |
| 0:31 | Moon Well |
| 0:33 | Moon Well |
| 0:38 | Wisp |
| 0:39 | Wisp |
| 0:39 | Wisp |
| 0:45 | Ancient of War |
| 1:12 | Wisp |
| 1:12 | Wisp |
| 1:29 | Wisp |
| 1:29 | Wisp |
| 1:40 | Moon Well |
| 1:51 | Wisp |
| 1:54 | Archer |
| 1:57 | Wisp |
| 2:11 | Archer |
| 2:34 | Archer |
| 2:35 | Wisp |
| 2:35 | Wisp |
| 2:38 | Entangling Roots |
| 3:09 | Archer |
| 3:12 | Moon Well |
| 3:38 | Tree of Life |
| 3:55 | Archer |
| 4:36 | Tree of Ages |
| 4:36 | Archer |
| 4:54 | Archer |
| 5:11 | Thorns Aura |
| 5:23 | Archer |
| 5:26 | Hunter's Hall |
| 5:53 | Wisp |
| 5:54 | Wisp |
| 5:54 | Wisp |
| 5:54 | Wisp |
| 5:54 | Wisp |
| 6:32 | Strength of the Moon |
| 6:32 | Archer |
| 6:32 | Archer |
| 6:55 | Archer |
| 7:29 | Archer |
| 7:29 | Archer |
| 7:31 | Ancient of Wind |
| 7:32 | Ancient of Wind |
| 7:47 | Ancient of War |
| 7:50 | Wisp |
| 7:51 | Wisp |
| 8:34 | Dust of Appearance |
| 8:41 | Hippogryph |
| 8:41 | Hippogryph |
| 8:43 | Archer |
| 8:45 | Improved Strength of the Moon |
| 8:45 | Moon Armor |
| 8:52 | Improved Bows |
| 8:55 | Ancient of Wonders |
| 9:01 | Moon Well |
| 9:21 | Tree of Eternity |
| 9:35 | Hippogryph |
| 9:37 | Archer |
| 10:02 | Hippogryph |
| 10:03 | Archer |
| 10:06 | Archer |
| 10:20 | Moonstone |
| 10:30 | Ultravision |
| 10:40 | Hippogryph |
| 11:01 | Scroll of Town Portal |
| 11:32 | Entangling Roots |
| 11:55 | Archer |
| 11:56 | Hippogryph |
| 12:01 | Moon Well |
| 12:15 | Moon Well |
| 12:24 | Black Citadel |
| 12:39 | Marksmanship |
| 13:17 | Archer |
| 13:18 | Hippogryph |
| 13:55 | Archer |
| 13:55 | Hippogryph |
| 14:20 | Advanced Strength of the Moon |
| 14:30 | Archer |
| 14:52 | Hippogryph |
| 15:23 | Hippogryph |
| 15:46 | Thorns Aura |
| 16:00 | Archer |
| 16:01 | Hippogryph |
| 16:29 | Entangling Roots |
| 16:39 | Archer |
| 16:40 | Hippogryph |
| 17:12 | Archer |
| 17:12 | Hippogryph |
| 18:01 | Tranquility |
| 18:18 | Nature's Blessing |
| Right click | 783 |
| Select group | 487 |
| Select | 325 |
| Assign group | 299 |
| Build/train/purchase | 86 |
| Misc. action | 47 |
| Chat | 36 |
| Use ability | 27 |
| Resource trade | 22 |
| Remove unit | 3 |
| Minimap ping | 2 |


| Rod of Necromancy | 3 | 450 |
| Potion of Healing | 3 | 450 |
| Potion of Mana | 2 | 400 |
| Lesser Clarity Potion | 1 | 70 |
| Dust of Appearance | 2 | 150 |
| total: | 11 | 1520g |
| Acolyte | 3 | 225 | / | 0 |
| Ghoul | 3 | 360 | / | 0 |
| Crypt Fiend | 21 | 4515 | / | 840 |
| Obsidian Statue | 6 | 1200 | / | 210 |
| total: | 33 | 6300g | / | 1050w |
| Nerubian Tower | 2 | 200 | / | 40 |
| Crypt | 1 | 200 | / | 50 |
| Graveyard | 1 | 215 | / | 0 |
| Altar of Darkness | 2 | 360 | / | 100 |
| Ziggurat | 5 | 750 | / | 250 |
| Tomb of Relics | 2 | 260 | / | 60 |
| Slaughterhouse | 1 | 140 | / | 135 |
| Halls of the Dead | 1 | 320 | / | 210 |
| total: | 12 | 1925g | / | 595w |
| 0:03 | Acolyte |
| 0:03 | Acolyte |
| 0:09 | Crypt |
| 0:25 | Graveyard |
| 0:46 | Altar of Darkness |
| 1:00 | Ziggurat |
| 1:11 | Ghoul |
| 1:22 | Ghoul |
| 1:29 | Tomb of Relics |
| 1:48 | Ziggurat |
| 2:10 | Crypt Fiend |
| 2:27 | Crypt Fiend |
| 2:48 | Rod of Necromancy |
| 2:50 | Death Coil |
| 2:59 | Acolyte |
| 3:33 | Halls of the Dead |
| 3:49 | Crypt Fiend |
| 3:58 | Rod of Necromancy |
| 4:08 | Dust of Appearance |
| 5:00 | Crypt Fiend |
| 5:42 | Dust of Appearance |
| 5:57 | Burrow |
| 5:58 | Ziggurat |
| 6:02 | Ghoul |
| 6:27 | Potion of Healing |
| 6:43 | Nerubian Tower |
| 6:49 | Potion of Mana |
| 6:50 | Potion of Healing |
| 7:14 | Potion of Mana |
| 7:14 | Potion of Healing |
| 7:15 | Rod of Necromancy |
| 7:37 | Unholy Aura |
| 7:38 | Crypt Fiend |
| 8:06 | Crypt Fiend |
| 8:10 | Crypt Fiend |
| 8:33 | Slaughterhouse |
| 9:23 | Ziggurat |
| 9:38 | Tomb of Relics |
| 10:08 | Ziggurat |
| 10:17 | Frost Nova |
| 10:40 | Lesser Clarity Potion |
| 11:10 | Obsidian Statue |
| 11:32 | Crypt Fiend |
| 11:33 | Obsidian Statue |
| 12:09 | Crypt Fiend |
| 12:12 | Obsidian Statue |
| 13:00 | Death Coil |
| 13:24 | Dark Ritual |
| 13:31 | Crypt Fiend |
| 13:31 | Crypt Fiend |
| 13:45 | Frost Nova |
| 13:49 | Crypt Fiend |
| 14:11 | Crypt Fiend |
| 14:13 | Obsidian Statue |
| 14:14 | Crypt Fiend |
| 14:16 | Creature Attack |
| 14:38 | Obsidian Statue |
| 14:49 | Altar of Darkness |
| 15:28 | Crypt Fiend |
| 15:29 | Obsidian Statue |
| 15:32 | Dark Ritual |
| 15:58 | Crypt Fiend |
| 16:08 | Death Pact |
| 16:18 | Crypt Fiend |
| 16:30 | Crypt Fiend |
| 16:43 | Crypt Fiend |
| 17:01 | Frost Nova |
| 17:05 | Improved Creature Attack |
| 17:39 | Crypt Fiend |
| 18:09 | Crypt Fiend |
| 18:10 | Death Coil |
| 18:11 | Web |
| Right click | 1250 |
| Select group | 750 |
| Select | 412 |
| Misc. action | 162 |
| Build/train/purchase | 138 |
| Assign group | 59 |
| Use ability | 38 |
| Chat | 5 |
| Item give/drop | 4 |
| Esc | 1 |
178 units @ 24.9k
/ 3k
61 buildings @ 9.7k
/ 3.8k


| Scroll of Town Portal | 3 | 1050 |
| Scroll of Healing | 1 | 250 |
| total: | 4 | 1300g |
| Wisp | 13 | 780 | / | 0 |
| Archer | 10 | 1300 | / | 100 |
| Huntress | 16 | 3120 | / | 320 |
| Hippogryph | 2 | 320 | / | 40 |
| Dryad | 4 | 580 | / | 240 |
| total: | 45 | 6100g | / | 700w |
| Moon Well | 8 | 1440 | / | 320 |
| Ancient of War | 2 | 300 | / | 120 |
| Altar of Elders | 1 | 180 | / | 50 |
| Hunter's Hall | 1 | 210 | / | 100 |
| Ancient of Wonders | 1 | 90 | / | 30 |
| Ancient of Lore | 3 | 465 | / | 435 |
| Ancient of Wind | 1 | 150 | / | 140 |
| Tree of Ages | 1 | 320 | / | 180 |
| Tree of Eternity | 2 | 660 | / | 400 |
| total: | 17 | 2835g | / | 1195w |
| 0:02 | Wisp |
| 0:02 | Wisp |
| 0:26 | Moon Well |
| 0:33 | Ancient of War |
| 0:41 | Altar of Elders |
| 0:42 | Wisp |
| 0:44 | Wisp |
| 0:52 | Wisp |
| 0:52 | Wisp |
| 1:05 | Wisp |
| 1:08 | Wisp |
| 1:08 | Wisp |
| 1:35 | Wisp |
| 1:36 | Archer |
| 1:45 | Moon Well |
| 1:52 | Wisp |
| 2:39 | Moon Well |
| 2:41 | Moon Well |
| 2:47 | Moon Well |
| 2:49 | Archer |
| 3:12 | Mana Burn |
| 3:25 | Archer |
| 3:47 | Archer |
| 3:59 | Hunter's Hall |
| 4:01 | Moon Well |
| 4:05 | Archer |
| 4:48 | Tree of Ages |
| 4:49 | Archer |
| 5:44 | Moon Well |
| 5:45 | Moon Well |
| 6:55 | Ancient of War |
| 6:58 | Ancient of Wonders |
| 7:37 | Huntress |
| 7:42 | Strength of the Moon |
| 7:51 | Huntress |
| 7:58 | Huntress |
| 8:11 | Huntress |
| 8:42 | Huntress |
| 8:56 | Scroll of Town Portal |
| 9:05 | Huntress |
| 9:12 | Entangling Roots |
| 10:06 | Huntress |
| 10:09 | Huntress |
| 10:26 | Scroll of Town Portal |
| 11:38 | Huntress |
| 11:38 | Huntress |
| 12:16 | Huntress |
| 12:18 | Evasion |
| 13:16 | Huntress |
| 13:22 | Tree of Eternity |
| 13:32 | Huntress |
| 13:59 | Ancient of Lore |
| 14:02 | Ancient of Lore |
| 14:04 | Archer |
| 14:04 | Archer |
| 14:06 | Moon Armor |
| 14:20 | Ancient of Lore |
| 14:21 | Wisp |
| 14:21 | Wisp |
| 14:23 | Hippogryph |
| 14:26 | Huntress |
| 14:44 | Archer |
| 14:44 | Archer |
| 14:56 | Scroll of Town Portal |
| 14:56 | Scroll of Healing |
| 16:00 | Dryad |
| 16:19 | Thorns Aura |
| 16:29 | Huntress |
| 16:30 | Huntress |
| 16:33 | Hippogryph |
| 16:34 | Ancient of Wind |
| 16:41 | Dryad |
| 16:55 | Abolish Magic |
| 17:29 | Dryad |
| 18:15 | Dryad |
| Right click | 1159 |
| Select | 486 |
| Build/train/purchase | 69 |
| Use ability | 49 |
| Resource trade | 15 |
| Item give/drop | 1 |


| Rod of Necromancy | 2 | 300 |
| Ritual Dagger | 2 | 250 |
| Lesser Clarity Potion | 3 | 210 |
| Potion of Healing | 3 | 450 |
| Orb of Corruption | 1 | 375 |
| Potion of Mana | 2 | 400 |
| Scroll of Town Portal | 2 | 700 |
| total: | 15 | 2685g |
| Acolyte | 7 | 525 | / | 0 |
| Ghoul | 3 | 360 | / | 0 |
| Crypt Fiend | 18 | 3870 | / | 720 |
| Obsidian Statue | 3 | 600 | / | 105 |
| Frost Wyrm | 1 | 385 | / | 120 |
| Archer | 10 | 1300 | / | 100 |
| Hippogryph | 6 | 960 | / | 120 |
| total: | 48 | 8000g | / | 1165w |
| Nerubian Tower | 1 | 100 | / | 20 |
| Spirit Tower | 3 | 435 | / | 120 |
| Crypt | 1 | 200 | / | 50 |
| Graveyard | 1 | 215 | / | 0 |
| Altar of Darkness | 2 | 360 | / | 100 |
| Ziggurat | 4 | 600 | / | 200 |
| Tomb of Relics | 1 | 130 | / | 30 |
| Necropolis | 1 | 225 | / | 0 |
| Slaughterhouse | 1 | 140 | / | 135 |
| Boneyard | 1 | 175 | / | 200 |
| Halls of the Dead | 1 | 320 | / | 210 |
| Black Citadel | 1 | 325 | / | 230 |
| Moon Well | 1 | 180 | / | 40 |
| total: | 13 | 2225g | / | 755w |
| 0:01 | Acolyte |
| 0:01 | Acolyte |
| 0:07 | Crypt |
| 0:19 | Graveyard |
| 0:46 | Altar of Darkness |
| 0:58 | Ziggurat |
| 1:10 | Ghoul |
| 1:24 | Tomb of Relics |
| 1:50 | Crypt Fiend |
| 1:59 | Ziggurat |
| 2:09 | Nerubian Tower |
| 2:35 | Crypt Fiend |
| 2:47 | Death Coil |
| 2:47 | Rod of Necromancy |
| 3:34 | Crypt Fiend |
| 4:02 | Halls of the Dead |
| 4:03 | Crypt Fiend |
| 4:41 | Crypt Fiend |
| 5:16 | Crypt Fiend |
| 5:37 | Crypt Fiend |
| 5:39 | Ziggurat |
| 5:46 | Rod of Necromancy |
| 5:52 | Ritual Dagger |
| 7:03 | Black Arrow |
| 7:09 | Unholy Aura |
| 7:14 | Web |
| 8:05 | Crypt Fiend |
| 8:29 | Slaughterhouse |
| 8:38 | Scroll of Town Portal |
| 8:53 | Ghoul |
| 8:53 | Ghoul |
| 9:17 | Acolyte |
| 9:46 | Necropolis |
| 9:54 | Black Citadel |
| 10:01 | Ritual Dagger |
| 10:09 | Ziggurat |
| 10:24 | Lesser Clarity Potion |
| 10:25 | Lesser Clarity Potion |
| 10:36 | Obsidian Statue |
| 10:36 | Obsidian Statue |
| 10:53 | Silence |
| 11:30 | Crypt Fiend |
| 11:35 | Death Coil |
| 11:39 | Crypt Fiend |
| 11:52 | Archer |
| 11:52 | Archer |
| 11:57 | Moon Well |
| 12:01 | Ultravision |
| 12:09 | Scroll of Town Portal |
| 12:13 | Crypt Fiend |
| 12:18 | Creature Attack |
| 12:39 | Lesser Clarity Potion |
| 13:15 | Hippogryph |
| 13:15 | Hippogryph |
| 13:17 | Searing Arrows |
| 13:41 | Black Arrow |
| 13:43 | Crypt Fiend |
| 13:43 | Crypt Fiend |
| 14:20 | Trueshot Aura |
| 14:28 | Crypt Fiend |
| 14:28 | Crypt Fiend |
| 14:34 | Obsidian Statue |
| 14:35 | Crypt Fiend |
| 14:42 | Archer |
| 14:42 | Archer |
| 14:42 | Archer |
| 15:07 | Boneyard |
| 15:10 | Acolyte |
| 15:10 | Acolyte |
| 15:10 | Acolyte |
| 15:10 | Acolyte |
| 15:18 | Force of Nature |
| 15:49 | Silence |
| 16:01 | Crypt Fiend |
| 16:03 | Unholy Aura |
| 16:04 | Potion of Healing |
| 16:05 | Orb of Corruption |
| 16:11 | Spirit Tower |
| 16:13 | Spirit Tower |
| 16:26 | Potion of Healing |
| 16:44 | Frost Wyrm |
| 17:00 | Archer |
| 17:00 | Archer |
| 17:02 | Hippogryph |
| 17:02 | Hippogryph |
| 17:02 | Hippogryph |
| 17:02 | Hippogryph |
| 17:04 | Archer |
| 17:04 | Archer |
| 17:04 | Archer |
| 17:10 | Potion of Mana |
| 17:25 | Crypt Fiend |
| 17:26 | Altar of Darkness |
| 17:28 | Spirit Tower |
| 17:37 | Potion of Mana |
| 17:37 | Potion of Healing |
| 18:13 | Black Arrow |
| Right click | 717 |
| Select group | 704 |
| Select | 492 |
| Assign group | 160 |
| Misc. action | 156 |
| Build/train/purchase | 119 |
| Chat | 43 |
| Use ability | 30 |
| Remove unit | 5 |
| Resource trade | 5 |
| Item give/drop | 2 |


| Scroll of Regeneration | 2 | 200 |
| Rod of Necromancy | 1 | 150 |
| total: | 3 | 350g |
| Peasant | 16 | 1200 | / | 0 |
| Rifleman | 11 | 2255 | / | 330 |
| Priest | 4 | 540 | / | 40 |
| Sorceress | 3 | 465 | / | 60 |
| Knight | 6 | 1470 | / | 360 |
| Hippogryph | 8 | 1280 | / | 160 |
| total: | 48 | 7210g | / | 950w |
| Farm | 9 | 720 | / | 180 |
| Altar of Kings | 1 | 180 | / | 50 |
| Blacksmith | 1 | 140 | / | 60 |
| Barracks | 2 | 320 | / | 120 |
| Arcane Vault | 1 | 130 | / | 30 |
| Lumber Mill | 1 | 120 | / | 0 |
| Town Hall | 1 | 385 | / | 205 |
| Arcane Sanctum | 2 | 300 | / | 280 |
| Keep | 1 | 320 | / | 210 |
| Castle | 1 | 360 | / | 210 |
| total: | 18 | 2295g | / | 925w |
| 0:02 | Peasant |
| 0:02 | Peasant |
| 0:08 | Peasant |
| 0:09 | Peasant |
| 0:09 | Peasant |
| 0:09 | Peasant |
| 0:09 | Peasant |
| 0:09 | Peasant |
| 0:20 | Farm |
| 0:24 | Altar of Kings |
| 1:03 | Farm |
| 1:05 | Peasant |
| 1:05 | Peasant |
| 1:05 | Peasant |
| 1:33 | Peasant |
| 1:33 | Peasant |
| 1:34 | Peasant |
| 1:35 | Peasant |
| 1:35 | Peasant |
| 1:44 | Blacksmith |
| 1:48 | Farm |
| 2:04 | Barracks |
| 2:38 | Farm |
| 2:56 | Arcane Vault |
| 3:08 | Rifleman |
| 3:12 | Devotion Aura |
| 3:26 | Keep |
| 3:37 | Rifleman |
| 3:51 | Lumber Mill |
| 4:11 | Rifleman |
| 4:20 | Scroll of Regeneration |
| 4:23 | Scroll of Regeneration |
| 5:06 | Holy Light |
| 5:20 | Town Hall |
| 5:34 | Rifleman |
| 5:56 | Rifleman |
| 7:16 | Long Rifles |
| 7:18 | Improved Lumber Harvesting |
| 7:20 | Farm |
| 7:21 | Barracks |
| 7:48 | Rifleman |
| 7:52 | Black Gunpowder |
| 7:52 | Studded Leather Armor |
| 8:07 | Improved Masonry |
| 8:16 | Castle |
| 8:26 | Storm Bolt |
| 8:35 | Arcane Sanctum |
| 8:37 | Farm |
| 9:22 | Rifleman |
| 9:33 | Refined Gunpowder |
| 9:55 | Farm |
| 10:00 | Holy Light |
| 10:12 | Bash |
| 10:17 | Reinforced Leather Armor |
| 10:19 | Advanced Lumber Harvesting |
| 10:37 | Priest |
| 10:39 | Rifleman |
| 11:03 | Rifleman |
| 11:14 | Priest Adept Training |
| 11:15 | Sorceress Adept Training |
| 11:19 | Farm |
| 11:37 | Hippogryph |
| 11:38 | Hippogryph |
| 11:38 | Hippogryph |
| 11:38 | Hippogryph |
| 11:38 | Hippogryph |
| 11:38 | Hippogryph |
| 11:38 | Hippogryph |
| 11:38 | Hippogryph |
| 12:19 | Arcane Sanctum |
| 12:21 | Farm |
| 12:36 | Imbued Gunpowder |
| 13:19 | Storm Bolt |
| 13:29 | Sorceress |
| 13:29 | Priest |
| 13:30 | Sorceress Master Training |
| 13:30 | Priest Master Training |
| 13:34 | Devotion Aura |
| 13:48 | Rifleman |
| 13:49 | Sorceress |
| 13:50 | Priest |
| 14:26 | Rifleman |
| 14:38 | Knight |
| 14:55 | Animal War Training |
| 14:56 | Knight |
| 14:58 | Dragonhide Armor |
| 14:59 | Iron Plating |
| 15:35 | Iron Forged Swords |
| 15:46 | Reinforced Hides |
| 15:46 | Strength of the Wild |
| 15:46 | Moon Armor |
| 15:47 | Strength of the Moon |
| 15:50 | Knight |
| 16:13 | Knight |
| 16:29 | Searing Arrows |
| 16:50 | Rod of Necromancy |
| 17:05 | Sorceress |
| 17:05 | Priest |
| 17:32 | Knight |
| 17:58 | Knight |
| Select group | 403 |
| Right click | 380 |
| Select | 177 |
| Build/train/purchase | 98 |
| Chat | 50 |
| Assign group | 47 |
| Misc. action | 35 |
| Use ability | 25 |
| Resource trade | 23 |
| Esc | 3 |
| Item give/drop | 1 |


| Potion of Healing | 1 | 150 |
| Staff of Preservation | 1 | 150 |
| total: | 2 | 300g |
| Wisp | 21 | 1260 | / | 0 |
| Archer | 9 | 1170 | / | 90 |
| Hippogryph | 7 | 1120 | / | 140 |
| total: | 37 | 3550g | / | 230w |
| Altar of Elders | 2 | 360 | / | 100 |
| Ancient of War | 1 | 150 | / | 60 |
| Moon Well | 5 | 900 | / | 200 |
| Tree of Life | 1 | 340 | / | 185 |
| Ancient of Wonders | 1 | 90 | / | 30 |
| Hunter's Hall | 1 | 210 | / | 100 |
| Ancient of Wind | 2 | 300 | / | 280 |
| Tree of Ages | 1 | 320 | / | 180 |
| total: | 13 | 2350g | / | 955w |
| 0:02 | Wisp |
| 0:02 | Wisp |
| 0:13 | Altar of Elders |
| 0:18 | Ancient of War |
| 0:20 | Wisp |
| 0:31 | Moon Well |
| 0:35 | Wisp |
| 0:48 | Wisp |
| 0:49 | Wisp |
| 0:50 | Wisp |
| 1:22 | Archer |
| 1:25 | Wisp |
| 1:37 | Moon Well |
| 1:46 | Archer |
| 2:20 | Force of Nature |
| 2:30 | Archer |
| 2:31 | Wisp |
| 2:31 | Wisp |
| 2:40 | Archer |
| 3:02 | Archer |
| 3:04 | Wisp |
| 3:28 | Tree of Life |
| 3:39 | Entangling Roots |
| 3:44 | Tree of Ages |
| 4:04 | Moon Well |
| 4:17 | Ancient of Wonders |
| 4:45 | Archer |
| 4:47 | Moon Well |
| 6:03 | Wisp |
| 6:03 | Wisp |
| 6:03 | Wisp |
| 6:03 | Wisp |
| 6:22 | Archer |
| 6:24 | Ancient of Wind |
| 6:25 | Ancient of Wind |
| 6:26 | Wisp |
| 6:26 | Wisp |
| 6:27 | Wisp |
| 6:37 | Hunter's Hall |
| 6:42 | Wisp |
| 6:46 | Improved Bows |
| 7:33 | Hippogryph |
| 7:33 | Hippogryph |
| 7:36 | Hippogryph |
| 7:36 | Hippogryph |
| 7:56 | Strength of the Moon |
| 7:58 | Wisp |
| 7:58 | Wisp |
| 8:15 | Hippogryph |
| 8:22 | Potion of Healing |
| 8:26 | Staff of Preservation |
| 9:03 | Archer |
| 9:04 | Archer |
| 9:04 | Hippogryph |
| 9:04 | Hippogryph |
| 9:26 | Trueshot Aura |
| 9:39 | Moon Well |
| 9:42 | Altar of Elders |
| 9:57 | Improved Strength of the Moon |
| 9:57 | Moon Armor |
| 10:09 | Entangling Roots |
| Right click | 549 |
| Select | 166 |
| Select group | 75 |
| Build/train/purchase | 62 |
| Assign group | 33 |
| Use ability | 12 |
| Resource trade | 4 |
| Minimap ping | 2 |
| Misc. action | 1 |
| Item give/drop | 1 |
| Esc | 1 |
⇛